 Dungeon Crawl Stone Soup version 0.30.1-9-gdf580d7c3d (webtiles) character file.

Game seed: 8385372639850448946

56 Ekaitz the Gusty (level 3, -3/20 HPs)
             Began as a Tengu Air Elementalist on Oct 11, 2023.
             Slain by an orc priest
             ... wielding a +0 flail
              (7 damage)
             ... on level 2 of the Dungeon.
             The game lasted 00:04:16 (2380 turns).

Ekaitz the Gusty (Tengu Air Elementalist)           Turns: 2380, Time: 00:04:17

Health: -3/20      AC:  2    Str:  8    XL:     3   Next: 95%
Magic:  0/7        EV: 12    Int: 17    God:
Gold:   86         SH:  0    Dex: 14    Spells: 0/6 levels left

rFire   . . .        f - +0 short sword
rCold   . . .        (no shield)
rNeg    . . .        a - +0 robe
rPois   .            (helmet restricted)
rElec   .            (no cloak)
rCorr   .            (no gloves)
SInv    .            (boots unavailable)
Will    .....        (no amulet)
Stlth   ++           (no ring)
HPRegen 0.23/turn    (no ring)
MPRegen 0.10/turn

%: no passive effects
@: no status effects
A: beak, talons 3
a: no special abilities


You were on level 2 of the Dungeon.
You visited 1 branch of the dungeon, and saw 2 of its levels.

You collected 86 gold pieces.

Inventory:

Hand Weapons
 f - a +0 short sword (weapon)
Armour
 a - a +0 robe (worn)
Wands
 s - a wand of paralysis (8)
Scrolls
 j - 2 scrolls of enchant armour {unknown}
 m - a scroll of amnesia {unknown}
 o - a scroll of silence {unknown}
 p - a scroll of vulnerability {unknown}
 q - a scroll of fog {unknown}
 r - a scroll of identify {unknown}
Potions
 b - a potion of magic
 c - 3 potions of flight {unknown}
 d - a potion of might {unknown}
 e - a potion of cancellation {unknown}
 g - 4 potions of heal wounds {unknown}
 h - a potion of resistance {unknown}
 i - a potion of attraction {unknown}
 k - a potion of ambrosia {unknown}
 l - a potion of curing {unknown}
 n - 2 potions of mutation {unknown}


   Skills:
 * Level 1.1 Fighting
 * Level 2.4 Dodging
 + Level 2.0 Stealth
 + Level 2.3 Spellcasting
 * Level 2.1 Conjurations
 * Level 5.1 Air Magic


You couldn't memorise any spells.
You knew the following spells:

 Your Spells              Type           Power      Damage    Failure   Level
a - Shock                 Conj/Air       56%        1d6       4%          1
b - Static Discharge      Conj/Air       28%        2-4/arc   6%          2
c - Swiftness             Air            19%        N/A       7%          3

Your spell library contained the following spells:

 Spells                   Type           Power      Damage    Failure   Level
 Airstrike                Air            9%         2d(2-18)  22%         4


Dungeon Overview and Level Annotations

Branches:
Dungeon (2/15)

Altars:

Shops:
D:2 :


Innate Abilities, Weirdness & Mutations

You have a beak for a mouth.
You have claws for feet.


Message History

The orc priest is heavily wounded.
The zap hits the orc priest.
The orc priest is severely wounded.
The zap hits the orc priest but does no damage.
The orc priest is severely wounded.
The zap hits the orc priest but does no damage.
The orc priest is severely wounded.
The zap hits the orc priest.
The orc priest is almost dead.
The zap hits the orc priest.
The orc priest is almost dead.
The zap misses the orc priest.
The orc priest invokes the aid of Beogh against you.
You barely resist. You closely miss the orc priest.
The orc priest is almost dead.
The orc priest calls down the wrath of Beogh upon you.
Pain shoots through your body!
Ouch! That really hurt!
* * * LOW HITPOINT WARNING * * *
You closely miss the orc priest.
You claw the orc priest, but do no damage.
The orc priest is almost dead.
The orc priest closely misses you.
You hit the orc priest but do no damage.
Your peck misses the orc priest.
The orc priest is almost dead.
The orc priest misses you.
You closely miss the orc priest.
You claw the orc priest, but do no damage.
Your peck misses the orc priest.
The orc priest is almost dead.
The orc priest mumbles some strange prayers to Beogh against you.
Pain shoots through your body!
* * * LOW HITPOINT WARNING * * *
You hit the orc priest but do no damage.
You claw the orc priest, but do no damage.
The orc priest is almost dead.
The orc priest hits you with a +0 flail!
You die...

#.## ##.....##.##..####
#.# ##...###.##..# #.#
##'## #.##..# ###.# #.#
#.....# #...# #.#
####.## #.##### ##.##
#.# #.#...# ##...## #o#
......# #.....#####.#
.....o#######..o@...##.#
....................##.#
.........#####.........#
.........# #......####
......#### #......#
......# #.###### ###...#
#.######### ###
#.##......# ##.##
#.##.####.#


You could see an orc priest.

Vanquished Creatures
  An adder (D:2)
  2 bats (D:2)
  4 endoplasms
  2 giant cockroaches (D:2)
  4 goblins
  5 hobgoblins
  9 jackals (D:2)
  6 kobolds
  A quokka (D:2)
  2 ball pythons (D:1)
  4 frilled lizards
40 creatures vanquished.

Notes
Turn   | Place    | Note
-------+----------+-------------------------------------------
     0 | D:1      | Ekaitz the Tengu Air Elementalist began the quest for the
                  | Orb.
     0 | D:1      | Reached XP level 1. HP: 10/10 MP: 4/4
   251 | D:1      | Reached XP level 2. HP: 15/15 MP: 0/6
   459 | D:1      | Learned a level 2 spell: Static Discharge
  1466 | D:2      | Reached XP level 3. HP: 20/20 MP: 3/7
  1475 | D:2      | Learned a level 3 spell: Swiftness
  1644 | D:2      | Reached skill level 5 in Air Magic
  1840 | D:2      | Reached skill level 1 in Fighting
  2250 | D:2      | Found Feytidou's Book Boutique.
  2380 | D:2      | Slain by an orc priest

Illustrated notes

Levels and vault maps discovered:
D:1:      minmay_arrival_split_and_join, layout_basic, serial_forest,
          infiniplex_forest_clump_tiny, infiniplex_forest_zigzag_1,
          infiniplex_forest_lined_room_2, infiniplex_forest_straight_3,
          infiniplex_forest_clump_C, infiniplex_forest_lined_2,
          infiniplex_forest_clump_small
D:2:      layout_loops_corners, serial_shops, shop

Skill      XL: |  1  2  3 |
---------------+----------+-----
Conjurations   | 2 |  2.1
Air Magic      | 5 |  5.1
Fighting       | 1 |  1.1
Dodging        | |  2.4
Stealth        | |  2.0
Spellcasting   | |  2.3

Action                     || total
---------------------------++-------
  Melee: Short sword       ||    16
         Peck              ||     2
         Kick              ||     5
   Cast: Shock             ||    78
   Stab: Sleeping          ||     1
 Armour: Robe              ||     1
  Dodge: Dodged            ||    14
